 Dungeon Crawl Stone Soup version 0.31-a0-233-g139696dc86 (webtiles) character file.

Game seed: 13986856415262158477

98 qw the Shooter (level 4, 0/36 HPs)
             Began as a Minotaur Hexslinger on July 9, 2023.
             Slain by a gnoll
             ... wielding a +0 halberd
              (16 damage)
             ... on level 2 of the Dungeon.
             The game lasted 00:00:39 (1452 turns).

qw the Shooter (Minotaur Hexslinger)                Turns: 1452, Time: 00:00:39

Health: 0/36       AC:  3    Str: 12    XL:     4   Next: 43%
Magic:  4/4        EV: 12    Int: 10    God:
Gold:   44         SH:  0    Dex: 15    Spells: 4/5 levels left

rFire   . . .        Y - +1 sling
rCold   . . .        (no shield)
rNeg    . . .        h - +0 leather armour
rPois   +            (helmet restricted)
rElec   .            (no cloak)
rCorr   .            (no gloves)
SInv    .            (no boots)
Will    +....        (no amulet)
Stlth   +            j - ring of poison resistance
HPRegen 0.26/turn    n - ring of willpower
MPRegen 0.09/turn

%: no passive effects
@: no status effects
A: horns 2, retaliatory headbutt
a: no special abilities


You were on level 2 of the Dungeon.
You visited 1 branch of the dungeon, and saw 2 of its levels.

You collected 102 gold pieces.
You spent 58 gold pieces at shops.


Innate Abilities, Weirdness & Mutations

You have a pair of horns on your head.
You reflexively headbutt those who attack you in melee.


   Skills:
 + Level 2.0 Fighting
 - Level 5.0 Ranged Weapons
 - Level 2.1 Dodging
 - Level 1.0 Spellcasting
 - Level 2.0 Hexes


You had 4 spell levels left.
You knew the following spells:

 Your Spells              Type           Power      Damage    Failure   Level
a - Slow                  Hex            16%        N/A       19%         1

Your spell library contained the following spells:

 Spells                   Type           Power      Damage    Failure   Level
 Inner Flame              Hex/Fire       2%         N/A       65%         3
 Portal Projectile        Hex/Tloc       4%         N/A       65%         3
 Cause Fear               Hex            2%         N/A       88%         4

Inventory:

Hand Weapons
 Y - a +1 sling (weapon)
Armour
 f - a +0 pair of gloves
 h - a +0 leather armour (worn)
Jewellery
 j - a ring of poison resistance (left hand)
 n - a ring of willpower (right hand)
Scrolls
 a - a scroll of teleportation
 g - a scroll of torment {unknown}
 l - a scroll of blinking {unknown}
Potions
 b - a potion of enlightenment {unknown}
 c - a potion of haste {unknown}
 d - 2 potions of berserk rage {unknown}
 e - a potion of resistance
 i - a potion of curing {unknown}
 k - a potion of invisibility {unknown}
 m - a potion of heal wounds {unknown}

Dungeon Overview and Level Annotations

Branches:
Dungeon (2/15)

Altars:

Shops:
D:1 *   D:2 [


Message History

The gnoll shouts!
You hear a shout!
The gnoll moves out of view.
A gnoll comes into view. It is wielding a +0 halberd.
Enter note:
Enter note:
Enter note:
Enter note:
Enter note:
Enter note: You shoot a sling bullet.
The sling bullet closely misses the gnoll.
You shoot a sling bullet. The sling bullet hits the gnoll.
The gnoll is moderately wounded.
You shoot a sling bullet.
The sling bullet closely misses the gnoll.
The gnoll misses you. x2
A gnoll comes into view. It is wielding a +0 spear.
You shoot a sling bullet. The sling bullet hits the gnoll.
The gnoll is severely wounded.
You hear a shout!
The gnoll barely misses you.
You shoot a sling bullet. The sling bullet hits the gnoll.
You kill the gnoll!
Your Ranged Weapons skill increases to level 5!
You shoot a sling bullet. The sling bullet hits the gnoll.
The gnoll is lightly wounded.
A gnoll comes into view. It is wielding a +0 spear.
The gnoll hits you from afar with a +0 halberd!
You shoot a sling bullet. The sling bullet hits the gnoll.
The gnoll is heavily wounded.
The gnoll barely misses you.
You shoot a sling bullet. The sling bullet hits the gnoll.
The gnoll is almost dead.
The gnoll hits you from afar with a +0 halberd!
The gnoll closely misses you.
You shoot a sling bullet.
The sling bullet hits the gnoll but does no damage.
The gnoll is almost dead.
The gnoll hits you from afar with a +0 halberd!
You die...

#### ######### ...
........##### #..
.............
#.##########.#####
#.#...............
#.#.######...#####
#g##........#....)...
#gg.@#.####.#..######
####.#.# #.#..#
#.#.####.#..#
#.#......#..#
#.########..######
#.# ######........
#.. ........######
#.# ######..# ####


You could see 3 gnolls.

Vanquished Creatures
  4 gnolls (D:2)
  3 worms (D:2)
  A dart slug (D:2)
  2 bats (D:1)
  4 endoplasms
  3 giant cockroaches
  2 goblins (D:2)
  6 hobgoblins
  4 jackals
  7 kobolds
  3 ball pythons
  3 frilled lizards (D:1)
  3 rats
45 creatures vanquished.

Notes
Turn   | Place    | Note
-------+----------+-------------------------------------------
     0 | D:1      | qw the Minotaur Hexslinger began the quest for the Orb.
     0 | D:1      | Reached XP level 1. HP: 16/16 MP: 1/1
     0 | D:1      | 0 ||| qw: Version: 0.3-a-51-g015441d
     0 | D:1      | 0 ||| qw: Game counter: 3853
     0 | D:1      | 0 ||| qw: Melee chars always use a shield: true
     0 | D:1      | 0 ||| qw: God list: Okawaru
     0 | D:1      | 0 ||| qw: Allow faded altars: false
     0 | D:1      | 0 ||| qw: Do Orc after clearing Dungeon:15 true
     0 | D:1      | 0 ||| qw: Do second Lair branch before Depths: true
     0 | D:1      | 0 ||| qw: Lair rune preference: random
     0 | D:1      | 0 ||| qw: Goals: Normal
     0 | D:1      | 0 ||| PLANNING D:1-11
    22 | D:1      | Found Kats's General Store.
    29 | D:1      | 29 ||| SHOPLISTING +4 ring of slaying (858 gold, have 13).
    29 | D:1      | 29 ||| SHOPLISTING potion of cancellation (88 gold, have
                  | 13).
    29 | D:1      | 29 ||| SHOPLISTING scroll of enchant weapon (82 gold, have
                  | 13).
    29 | D:1      | 29 ||| SHOPLISTING scroll of identify (22 gold, have 13).
    29 | D:1      | 29 ||| SHOPLISTING scroll of teleportation (33 gold, have
                  | 13).
   213 | D:1      | Reached skill level 3 in Ranged Weapons
   213 | D:1      | Reached XP level 2. HP: 23/23 MP: 2/2
   538 | D:1      | Reached XP level 3. HP: 29/29 MP: 3/3
   684 | D:1      | 684 ||| UPGRADING to +0 leather armour.
   694 | D:1      | 694 ||| DROPPING +0 robe.
   695 | D:1      | 695 ||| UPGRADING to ring of poison resistance.
   696 | D:1      | 696 ||| UPGRADING to ring of willpower.
   697 | D:1      | 697 ||| READING 2 scrolls labelled HOTRIKL LIMILA.
   700 | D:1      | 700 ||| READING scroll labelled ZARRERGHARPH.
   701 | D:1      | 701 ||| READING scroll labelled TYEMULOFISCH.
   702 | D:1      | 702 ||| READING scroll labelled SIDOAN KOOX GAU.
   703 | D:1      | 703 ||| DRINKING 2 fuming blue potions.
   704 | D:1      | 704 ||| DROPPING scroll of poison.
   871 | D:2      | Reached skill level 4 in Ranged Weapons
  1076 | D:2      | Found Hodam's Armour Emporium.
  1094 | D:2      | 1094 ||| BUYING +0 pair of gloves (58 gold).
  1094 | D:2      | Bought a +0 pair of gloves for 58 gold pieces
  1094 | D:2      | 1094 ||| SHOPLISTING +0 ring mail (52 gold, have 44).
  1094 | D:2      | 1094 ||| SHOPLISTING +3 leather armour of poison resistance
                  | (273 gold, have 44).
  1294 | D:2      | Reached XP level 4. HP: 34/36 MP: 4/4
  1449 | D:2      | Reached skill level 5 in Ranged Weapons
  1452 | D:2      | Slain by a gnoll

Levels and vault maps discovered:
D:1:      minmay_arrival_three_doors, layout_loops_ring, serial_shops, shop,
          minmay_small_reverse_x
D:2:      layout_basic, hellmonk_ecumenical_altar_leap_of_faith, serial_shops,
          nicolae_shop_getting_attention

Skill      XL: |  1  2  3  4 |
---------------+-------------+-----
Ranged Weapons | 3 4 5 |  5.0
Fighting       | 2 |  2.0
Dodging        | |  2.1
Spellcasting   | |  1.0
Hexes          | |  2.0

Action                     |  1- 3 |  4- 6 || total
---------------------------+-------+-------++-------
   Fire: Sling             |   146 |    20 ||   166
    Use: Scroll            |     4 |       ||     4
         Potion            |     1 |       ||     1
 Armour: Robe              |     3 |       ||     3
         Leather armour    |     2 |       ||     2
  Dodge: Dodged            |    37 |     9 ||    46

Table legend:
 A = Non-vault XP
 B = Vault XP
 C = Vault XP percentage of total XP
 D = Non-vault monster count
 E = Vault monster count
 F = Vault count percentage of total count
                 A         B        C        D         E       F
            +---------+---------+-------+---------+---------+-------
      Total |     133 |       7 |   5.0 |      41 |       4 |   8.9
            +---------+---------+-------+---------+---------+-------
        D:1 |      35 |       7 |  16.7 |      21 |       4 |  16.0
        D:2 |      98 |       0 |   0.0 |      20 |       0 |   0.0
            +---------+---------+-------+---------+---------+-------
